 Dungeon Crawl Stone Soup version 0.26-a0-962-g9b92081034 (console) character file.

Game seed: 16971809068825343866

5149 Ignak the Covert (level 10, -13/68 HPs)
             Began as an Octopode Venom Mage on Nov 26, 2020.
             Was an Elder of Sif Muna.
             Mangled by a shadow (27 damage)
             ... on level 9 of the Dungeon on Dec 2, 2020.
             The game lasted 00:36:15 (13393 turns).

Ignak the Covert (Octopode Venom Mage)             Turns: 13393, Time: 00:36:16

Health: -13/68     AC:  1    Str:  8    XL:     10   Next: 59%
Magic:  17/18      EV: 18    Int: 36    God:    Sif Muna [****..]
Gold:   178        SH:  0    Dex: 14    Spells: 9/20 levels left

rFire    . . .     SeeInvis .   f - +5 dagger (flame)
rCold    . . .     Faith    +   (no shield)
rNeg     . . .     Spirit   .   (helmet restricted)
rPois    .         Reflect  .   r - amulet of faith
rElec    .         Harm     .   o - ring of flight
rCorr    .         Rampage  .   j - +6 ring of intelligence
MR       ++...                  l - +6 ring of intelligence
Stlth    +++++++...             u - ring of the Mage {Wiz MR++ Int+3}
HPRegen  0.21/turn              w - ring of stealth
MPRegen  0.16/turn              (no ring)
                                (no ring)
                                (no ring)

@: no status effects
A: almost no armour, stealthy swim, amphibious, 8 rings, constrict 8, camouflage
1, clever 1, gelatinous body 1, MP-powered wands
a: Channel Magic, Forget Spell, Divine Exegesis, Renounce Religion, Evoke Flight


You were on level 9 of the Dungeon.
You worshipped Sif Muna.
Sif Muna was greatly pleased with you.
You visited 2 branches of the dungeon, and saw 11 of its levels.
You also visited: Sewer.

You collected 388 gold pieces.
You spent 210 gold pieces at shops.

Inventory:

Hand Weapons
 f - a +5 dagger of flaming (weapon)
 h - a +1 hand axe of electrocution
Missiles
 e - 7 datura-tipped darts
Jewellery
 j - a +6 ring of intelligence (right tentacle)
 l - a +6 ring of intelligence (on tentacle)
 o - a ring of flight (left tentacle)
 r - an amulet of faith (around mantle)
 u - the ring of the Mage (on tentacle) {Wiz MR++ Int+3}
   (You found it on level 6 of the Dungeon)

   [ring of wizardry]

   It improves your spell success rate.
   It affects your intelligence (+3).
   It affects your resistance to hostile enchantments.
 w - a ring of stealth (on tentacle)
Wands
 k - a wand of acid (3)
 q - a wand of iceblast (7)
 x - a wand of random effects (7)
 B - a wand of paralysis (9)
Scrolls
 c - a scroll of blinking
 g - a scroll of magic mapping
 i - 3 scrolls of teleportation
 s - 2 scrolls of amnesia
 z - 2 scrolls of identify
Potions
 b - 3 potions of attraction
 d - 5 potions of flight
 n - 2 potions of curing
 p - a potion of magic
 t - a potion of might


   Skills:
 + Level 5.7 Fighting
 + Level 0.7 Short Blades
 * Level 8.3 Dodging
 + Level 11.5 Stealth
 - Level 1.1 Unarmed Combat
 + Level 5.7 Spellcasting
 - Level 1.0 Transmutations
 + Level 7.9 Poison Magic


You had 9 spell levels left.
You knew the following spells:

 Your Spells              Type           Power        Failure   Level
a - Sting                 Tmut/Pois      ####         1%          1
b - Ignite Poison         Fire/Tmut/Pois ####....     1%          3
d - Mephitic Cloud        Conj/Pois/Air  ####....     1%          3
z - Olgreb's Toxic Radia  Pois           ######..     1%          4

Your spell library contained the following spells:

 Spells                   Type           Power        Failure   Level
 Poisonous Vapours        Pois/Air       #####.       1%          2


Dungeon Overview and Level Annotations

Branches:
Dungeon (10/15)            Temple (1/1) D:6             Orc (0/2) D:9
  Sewer (visited)
   Lair: D:8-11

Altars:
Dithmenos
Elyvilon
Fedhas
Makhleb
Qazlal
Sif Muna
Trog
Uskayaw
Vehumet
Wu Jian
Xom
Yredelemnul
Zin

Shops:
D:5 ((*=   D:6 :

Annotations:
D:4 2 transporters, Descartes's ghost, amateur DEAE


Innate Abilities, Weirdness & Mutations

You cannot wear most types of armour.
You are very stealthy in the water. (Stealth+)
You are amphibious.
You can wear up to eight rings at the same time.
You can use your tentacles to constrict eight enemies at once.
Your skin changes colour to match your surroundings (Stealth+).
Your rubbery body absorbs attacks. (AC +1, EV +1)
Your mind is acute. (Int +2)
You expend magic power (3 MP) to strengthen your wands.


Message History

You closely miss the shadow.
You squeeze the shadow, but do no damage.
The shadow is lightly damaged.
The shadow slips into darkness.
The shadow flickers and vanishes!
Deactivating autopickup; reactivate with Ctrl-A.
The shadow strikes at you from the darkness!
* * * LOW HITPOINT WARNING * * *
Reactivating autopickup.
There is an open door here.
The shadow slips into darkness.
The shadow flickers and vanishes!
Deactivating autopickup; reactivate with Ctrl-A.
You close the door.
Something unseen opens the door.
You close the door.
Something unseen opens the door.
You close the door.
Something unseen opens the door.
You close the door.
Something unseen opens the door.
Something is blocking the doorway!
The shadow strikes at you from the darkness!
You die...

.##......###...# #.........
#...###..##'...#########.....####
#.#.##.#####.<.##.....##.....#
.#.#..##.# #.(.##.....##.....##
.....#...# #...##.............#
###..#..## #...##.....##......#
###..##..###...##.>...##...####
#......#.##....'......######
###..#...##....#@......#
#.#.#.##.###...#.......#
....###..# ##'###......#
##.###..####...##......# ###
##.###....# ......# #........#
.....## ##..##...# ......#
........###### ......# ........#


There were no monsters in sight!

Vanquished Creatures
  2 two-headed ogres (D:8)
  A komodo dragon (D:9)
  A troll (D:9)
  Sigmund (D:4)
  The ghost of Trueduck the Grave Robber, an amateur DENe (D:5)
  2 wyverns
  An orc warrior (D:6)
  2 ice beasts
  4 phantoms
  3 ogres
  A centaur (D:9)
  3 big kobolds (Sewer)
  3 bullfrogs
  A gnoll sergeant (D:9)
  A troll zombie (D:9)
  A wight (D:8)
  A howler monkey (D:4)
  3 jellies
  3 hounds
  An orc priest (D:4)
  5 orc wizards
  4 centaur skeletons
  An iguana (D:6)
  6 worker ants
  An ogre zombie (D:9)
  4 hound skeletons
  A worker ant zombie (D:7)
  9 gnolls
  21 adders
  A shadow imp (D:7)
  3 white imps
  3 ufetubi (D:8)
  2 oozes (Sewer)
  3 adder skeletons (D:4)
  An adder zombie (D:7)
  5 worms
  3 dart slugs
  14 leopard geckos
  22 orcs
  4 ball pythons (Sewer)
  11 giant cockroaches
  8 hobgoblins
  17 jackals
  3 quokkas
  4 bats
  8 frilled lizards
  7 goblins
  A hobgoblin skeleton (D:9)
  3 hobgoblin zombies (D:9)
  A jackal zombie (D:6)
  18 kobolds
  5 orc zombies (D:9)
  A quokka skeleton (D:4)
  A quokka zombie (D:5)
  9 rats
246 creatures vanquished.

Vanquished Creatures (others)
  A wizard (D:4)
  3 fungi (D:3)
  3 plants (D:3)
7 creatures vanquished.

Grand Total: 253 creatures vanquished

Notes
Turn   | Place    | Note
-------+----------+-------------------------------------------
     0 | D:1      | Ignak the Octopode Venom Mage began the quest for the Orb.
     0 | D:1      | Reached XP level 1. HP: 11/11 MP: 3/3
     2 | D:1      | Learned a level 1 spell: Sting
   342 | D:1      | Reached XP level 2. HP: 15/18 MP: 0/5
   345 | D:1      | Upgraded the game from 0.26-a0-926-g43279f1ce9 to
                  | 0.26-a0-962-g9b92081034
   865 | D:1      | Reached skill level 1 in Fighting
   928 | D:1      | Reached XP level 3. HP: 14/23 MP: 2/6
  1246 | D:2      | Reached skill level 3 in Stealth
  1551 | D:2      | Found a basalt altar of Yredelemnul.
  1579 | D:2      | Reached XP level 4. HP: 18/28 MP: 1/7
  1852 | D:2      | Reached skill level 1 in Unarmed Combat
  1858 | D:2      | Learned a level 3 spell: Ignite Poison
  1863 | D:2      | Learned a level 4 spell: Olgreb's Toxic Radiance
  2090 | D:2      | Found a hide-covered altar of Uskayaw.
  2580 | D:2      | Reached XP level 5. HP: 17/34 MP: 2/9
  2830 | D:2      | Found a shimmering blue altar of Sif Muna.
  3031 | D:3      | Reached skill level 4 in Stealth
  3055 | D:3      | Found a glowing drain.
  3063 | Sewer    | Entered a sewer
  3575 | Sewer    | Noticed a big kobold
  3576 | Sewer    | Noticed a big kobold
  3602 | Sewer    | Killed a big kobold
  3603 | Sewer    | Reached XP level 6. HP: 18/39 MP: 0/10
  3612 | Sewer    | Reached skill level 5 in Stealth
  4181 | D:3      | Reached XP level 7. HP: 45/45 MP: 11/11
  4193 | D:2      | Learned a level 3 spell: Mephitic Cloud
  4484 | D:3      | Found a stormy altar of Qazlal.
  4490 | D:3      | Found a blossoming altar of Fedhas.
  4495 | D:3      | Gained mutation: You expend magic power (3 MP) to
                  | strengthen your wands. [potion of mutation]
  4495 | D:3      | Gained mutation: Your mind is acute. (Int +2) [potion of
                  | mutation]
  4507 | D:2      | Found an ornate altar of the Wu Jian Council.
  4538 | D:2      | Became a worshipper of Sif Muna the Loreminder
  5345 | D:4      | Noticed Descartes's ghost (amateur DEAE)
  5355 | D:4      | Found a transporter.
  5383 | D:4      | Noticed a wyvern
  5391 | D:4      | Killed a wyvern
  5392 | D:4      | Reached skill level 6 in Stealth
  5392 | D:4      | Reached skill level 5 in Poison Magic
  5635 | D:4      | Found a transporter.
  5806 | D:4      | Reached * piety under Sif Muna
  5886 | D:4      | Found a bloodstained altar of Trog.
  5895 | D:4      | Noticed a wizard
  5901 | D:4      | Killed a wizard
  6062 | D:4      | Reached XP level 8. HP: 52/52 MP: 5/13
  6361 | D:4      | Noticed Sigmund
  6363 | D:4      | Killed Sigmund
  6364 | D:4      | Reached skill level 5 in Dodging
  6364 | D:4      | Reached skill level 7 in Stealth
  6541 | D:5      | Entered Level 5 of the Dungeon
  6548 | D:5      | Found Hidaxan's General Store.
  6558 | D:5      | Found Teazigar's Weapon Boutique.
  6558 | D:5      | Found Pufiryop's Jewellery Boutique.
  6558 | D:5      | Found Kuliloc's Antique Weapon Boutique.
  6894 | D:5      | Found a burning altar of Makhleb.
  6959 | D:5      | Noticed Trueduck's ghost (amateur DENe)
  6963 | D:5      | Found a transporter.
  6971 | D:5      | Found a transporter.
  7610 | D:6      | Reached skill level 8 in Stealth
  7653 | D:6      | Found Pavokh's Book Shoppe.
  7660 | D:6      | Reached ** piety under Sif Muna
  7730 | D:6      | Found a staircase to the Ecumenical Temple.
  7739 | Temple   | Entered the Ecumenical Temple
  8060 | D:6      | Found a white marble altar of Elyvilon.
  8085 | D:6      | Reached XP level 9. HP: 27/58 MP: 8/15
  8564 | D:6      | Found the ring of the Mage {Wiz MR++ Int+3}
  9092 | D:7      | Reached skill level 9 in Stealth
  9477 | D:5      | Bought an uncursed ring of stealth for 210 gold pieces
  9609 | D:5      | Killed Trueduck's ghost
 10092 | D:7      | Reached *** piety under Sif Muna
 10215 | D:7      | You fall into a shaft and drop 1 floor!
 10231 | D:8      | Found a radiant altar of Vehumet.
 10240 | D:8      | Found a glowing silver altar of Zin.
 10243 | D:8      | Found a shadowy altar of Dithmenos.
 10341 | D:8      | Noticed a two-headed ogre
 10353 | D:8      | Killed a two-headed ogre
 10354 | D:8      | Reached skill level 5 in Fighting
 10354 | D:8      | Reached skill level 10 in Stealth
 10354 | D:8      | Reached skill level 5 in Spellcasting
 10724 | D:8      | Noticed a two-headed ogre
 10736 | D:8      | Killed a two-headed ogre
 10737 | D:8      | Reached XP level 10. HP: 44/66 MP: 0/18
 11228 | D:8      | Found a shimmering altar of Xom.
 11232 | D:8      | Found a bloodstained altar of Trog.
 11360 | D:9      | Reached skill level 11 in Stealth
 11788 | D:10     | Entered Level 10 of the Dungeon
 12583 | D:9      | Reached **** piety under Sif Muna
 12587 | D:9      | Found a staircase to the Orcish Mines.
 13393 | D:9      | Mangled by a shadow

Illustrated notes

Levels and vault maps discovered:
D:1:      psy_arrival_conway, layout_basic
D:2:      minmay_razor_zed, layout_basic, nicolae_overflow_hidden_temple,
          minmay_pentomino_u4
D:3:      layout_loops_corners, grunt_temple_overflow_forces_of_nature,
          gup_sewer_entry_bubbles, serial_glass, glass_columns_b,
          glass_columns_c, glass_columns_a, glass_columns_b, kennysheep_potato
D:4:      layout_gridville, gammafunk_ghost_mausoleum, trog_wizard, uniq_sigmund
D:5:      layout_loops_ring, lemuel_doored_altar, gammafunk_ghost_arena,
          minmay_shop_grid_forest
D:6:      layout_basic, elyvilon_altar_1, minmay_temple_entry_large_hall,
          serial_shops, nicolae_shop_crystal, grunt_decor_cap,
          chequers_serial_rivers_micro_c
D:7:      layout_basic, chequers_serial_rivers_micro_c, minmay_checkerbox,
          uniq_maggie
D:8:      layout_basic, minmay_overflow_temple_star_hex
D:9:      layout_gridville, zombieorc1_lemuel, lightli_fourway_metalbox
D:10:     layout_long_grid, dpeg_lair_monsters
Temple:   jpeg_temple_island

Skill      XL: |  1  2  3  4  5  6  7  8  9 10 |
---------------+-------------------------------+-----
Fighting       | 1 2 3 4 5 |  5.7
Stealth        | 3 4 5 6 8 10 11 | 11.5
Poison Magic   | 4 5 6 7 |  7.9
Unarmed Combat | 1 |  1.1
Dodging        | 3 4 6 7 8 |  8.3
Spellcasting   | 3 4 5 |  5.7
Short Blades   | |  0.7
Transmutations | |  1.0

Action                   |  1- 3 |  4- 6 |  7- 9 | 10-12 || total
-------------------------+-------+-------+-------+-------++-------
Melee: Unarmed           |     3 |       |       |       ||     3
       Tentacles         |     3 |    10 |    28 |    16 ||    57
       Constrict         |     3 |    20 |    36 |    10 ||    69
       Dagger            |    25 |    87 |   185 |   106 ||   403
       Hand axe          |       |       |    24 |       ||    24
       Punch             |       |       |       |     1 ||     1
 Cast: Sting             |    42 |    25 |     6 |       ||    73
       Olgreb's Toxic Ra |       |     5 |    31 |    10 ||    46
       Ignite Poison     |       |     1 |    13 |     6 ||    20
Evoke: Wand              |       |       |     6 |     5 ||    11
  Use: Scroll            |       |     8 |     6 |     7 ||    21
       Potion            |       |     9 |     3 |       ||    12
 Stab: Sleeping          |     8 |    23 |    24 |     5 ||    60
Armor: Skin              |     5 |     4 |    10 |       ||    19
Dodge: Dodged            |    27 |    56 |   112 |    91 ||   286

Table legend: (Time is in decaauts)
 A = Elapsed time spent in this place.
 B = Non-inter-level travel time spent in this place.
 C = Inter-level travel time spent in this place.
 D = Time resting spent in this place.
 E = Time spent auto-exploring this place.
 F = Levels seen in this place.
 G = Mean time per level.
                   A        B        C        D        E       F      G
               +--------+--------+--------+--------+--------+-----+--------+
         Total |  13393 |  13096 |    297 |   4300 |   5375 |  12 | 1116.1 |
       Dungeon |  12332 |  12035 |    297 |   3652 |   5276 |  10 | 1233.2 |
        Temple |      1 |      1 |      0 |      0 |      0 |   1 |    1.0 |
         Sewer |   1060 |   1060 |      0 |    648 |     99 |   1 | 1060.0 |
               +--------+--------+--------+--------+--------+-----+--------+

Top non-repeatable levels by time:
     D:8: 2068 daAuts
     D:2: 1772 daAuts
     D:6: 1601 daAuts
     D:5: 1325 daAuts
     D:4: 1257 daAuts
     D:1: 1230 daAuts
     D:3: 1218 daAuts
   Sewer: 1060 daAuts
     D:7: 935 daAuts
     D:9: 919 daAuts
    D:10: 3 daAuts
  Temple: 1 daAuts
